NCAA
NORTH CAROLINA TAR HEELS @ GEORGIA BULLDOGS
04/25/2025
 
TOP OF THE 1ST
North Carolina Tar Heels batting - Pitching for Georgia Bulldogs : LHP Peter Sullivan
Pitching: LHP Peter Sullivan
Batting: RHB Jeff Townsley 0-0: Ball
1-0: Called Strike
1-1: Ground out 4-3 (Groundball, 4)
Batting: RHB Neal Foster 0-0: SINGLE (Groundball, 56D)
Batting: LHB José Morales 0-0: Ball
1-0: Ball
2-0: Swinging Strike
2-1: SINGLE (Groundball, 4MD)
Neal Foster to second
Batting: LHB Michael Edwards 0-0: Called Strike
0-1: Ball
1-1: Foul Ball, location: 2F
1-2: DOUBLE (Line Drive, 9LM)
Neal Foster scores
José Morales to third
Batting: RHB Preston Wooten 0-0: Ball
1-0: Ball
2-0: Fly out, F3 (Popup, 23)
Batting: RHB Stan Crosby 0-0: Ball
1-0: Foul Ball, location: 2F
1-1: Called Strike
1-2: Ball
2-2: Strikes out swinging
Top of the 1st over - 1 run(s), 3 hit(s), 0 error(s), 2 left on base; North Carolina 1 - Georgia 0
BOTTOM OF THE 1ST
Georgia Bulldogs batting - Pitching for North Carolina Tar Heels : LHP Scott Henson
Pitching: LHP Scott Henson
Batting: LHB Marv Alexander 0-0: Fly out, F4 (Popup, 4MD)
Batting: RHB Juan Estrada 0-0: Swinging Strike
0-1: SINGLE (Flyball, 9LS)
Batting: RHB Francisco Rodríguez 0-0: Swinging Strike
0-1: Ball
1-1: Foul Ball, location: 2F
1-2: Ball
2-2: Strikes out swinging
Batting: RHB John Dyer 0-0: Ball
1-0: Ball
2-0: Foul Ball, location: 2F
2-1: Ball
3-1: Foul Ball, location: 2F
3-2: Strikes out swinging
Bottom of the 1st over - 0 run(s), 1 hit(s), 0 error(s), 1 left on base; North Carolina 1 - Georgia 0
TOP OF THE 2ND
North Carolina Tar Heels batting - Pitching for Georgia Bulldogs : LHP Peter Sullivan
Batting: RHB Fred Hubbard 0-0: Swinging Strike
0-1: Called Strike
0-2: Strikes out looking
Batting: SHB Rod Good 0-0: Ball
1-0: Fly out, F9 (Flyball, 9LSF)
Batting: RHB Phil Johnson 0-0: Ball
1-0: Ball
2-0: Called Strike
2-1: Foul Ball, location: 2F
2-2: Ground out 5-3 (Groundball, 5S)
Top of the 2nd over - 0 run(s), 0 hit(s), 0 error(s), 0 left on base; North Carolina 1 - Georgia 0
BOTTOM OF THE 2ND
Georgia Bulldogs batting - Pitching for North Carolina Tar Heels : LHP Scott Henson
Batting: RHB Tom Stoltz 0-0: Swinging Strike
0-1: Ball
1-1: Called Strike
1-2: Strikes out swinging
Batting: LHB Sandro Márquez 0-0: Foul Ball, location: 2F
0-1: Foul Ball, location: 2F
0-2: Ball
1-2: Strikes out swinging
Batting: RHB Vaughan Price 0-0: SINGLE (Groundball, 25) (infield hit)
Batting: RHB Bryce Dougherty 0-0: Ball
1-0: Fly out, F7 (Flyball, 7M)
Bottom of the 2nd over - 0 run(s), 1 hit(s), 0 error(s), 1 left on base; North Carolina 1 - Georgia 0
TOP OF THE 3RD
North Carolina Tar Heels batting - Pitching for Georgia Bulldogs : LHP Peter Sullivan
Batting: RHB Jeff Townsley 0-0: Ball
1-0: Ball
2-0: Ball
3-0: Called Strike
3-1: Base on Balls
Batting: RHB Neal Foster 0-0: DOUBLE (Flyball, 7M)
Jeff Townsley to third
Runner from 3rd tries for Home, SAFE, no throw or cutoff
Batting: LHB José Morales 0-0: Ball
1-0: Called Strike
1-1: Ground out 6-3 (Groundball, 6)
Neal Foster to third
Batting: LHB Michael Edwards 0-0: Called Strike
0-1: Foul Ball, location: 2F
0-2: Foul Ball, location: 2F
0-2: Strikes out swinging
Batting: RHB Preston Wooten 0-0: SINGLE (Line Drive, 8LS)
Neal Foster scores
Batting: RHB Stan Crosby 0-0: Ground out 2-3 (Groundball, 23)
Top of the 3rd over - 2 run(s), 2 hit(s), 0 error(s), 1 left on base; North Carolina 3 - Georgia 0
BOTTOM OF THE 3RD
Georgia Bulldogs batting - Pitching for North Carolina Tar Heels : LHP Scott Henson
Batting: RHB Mario Barker 0-0: SINGLE (Line Drive, 6MD)
Batting: LHB Marv Alexander 0-0: Called Strike
0-1: Foul Ball, location: 2F
0-2: Fielders Choice at 2nd, 5-4 (Groundball, 56)
Batting: RHB Juan Estrada 0-0: Ball
1-0: Ball
2-0: Called Strike
2-1: Reached on error, E5 (Groundball, 5L)
Marv Alexander to second
Batting: RHB Francisco Rodríguez 0-0: Called Strike
Marv Alexander steals 3rd base
Juan Estrada to second
0-1: Foul Ball, location: 2F
0-2: Ground out 6-3 (Groundball, 6M)
Marv Alexander scores
Juan Estrada to third
Batting: RHB John Dyer 0-0: Foul Ball, location: 2F
0-1: Called Strike
0-2: Strikes out looking
Bottom of the 3rd over - 1 run(s), 1 hit(s), 1 error(s), 1 left on base; North Carolina 3 - Georgia 1
TOP OF THE 4TH
North Carolina Tar Heels batting - Pitching for Georgia Bulldogs : LHP Peter Sullivan
Batting: RHB Fred Hubbard 0-0: SINGLE (Line Drive, 9S)
Batting: SHB Rod Good 0-0: Ball
1-0: Grounds into double play, 6-4-3 (Groundball, 6)
Batting: RHB Phil Johnson 0-0: Called Strike
0-1: SINGLE (Groundball, 4MD)
Batting: RHB Jeff Townsley 0-0: Ball
1-0: Called Strike
1-1: Ball
2-1: Swinging Strike
2-2: Foul Ball, location: 2F
2-2: Ball
3-2: SINGLE (Groundball, 3D)
Phil Johnson to second
Phil Johnson to third
Batting: RHB Neal Foster 0-0: Ball
1-0: Fly out, F8 (Flyball, 8RM)
Top of the 4th over - 0 run(s), 3 hit(s), 0 error(s), 2 left on base; North Carolina 3 - Georgia 1
BOTTOM OF THE 4TH
Georgia Bulldogs batting - Pitching for North Carolina Tar Heels : LHP Scott Henson
Batting: RHB Tom Stoltz 0-0: Called Strike
0-1: Foul Ball, location: 2F
0-2: Ground out 4-3 (Groundball, 4)
Batting: LHB Sandro Márquez 0-0: Called Strike
0-1: Ball
1-1: Ground out 3-1 (Groundball, 34)
Batting: RHB Vaughan Price 0-0: Ball
1-0: Ball
2-0: Called Strike
2-1: Fly out, F6 (Line Drive, 6)
Bottom of the 4th over - 0 run(s), 0 hit(s), 0 error(s), 0 left on base; North Carolina 3 - Georgia 1
TOP OF THE 5TH
North Carolina Tar Heels batting - Pitching for Georgia Bulldogs : LHP Peter Sullivan
Batting: LHB José Morales 0-0: Called Strike
0-1: Called Strike
0-2: DOUBLE (Groundball, 3L)
Batting: LHB Michael Edwards 0-0: Ball
1-0: Ground out 3-1 (Groundball, 3L)
José Morales to third
Batting: RHB Preston Wooten 0-0: Intentional Walk
Batting: RHB Stan Crosby 0-0: Ball
Preston Wooten is caught stealing 2nd base
1-0: Called Strike
1-1: Fly out, F8 (Flyball, 8LD)
Top of the 5th over - 0 run(s), 1 hit(s), 0 error(s), 1 left on base; North Carolina 3 - Georgia 1
BOTTOM OF THE 5TH
Georgia Bulldogs batting - Pitching for North Carolina Tar Heels : LHP Scott Henson
Batting: RHB Bryce Dougherty 0-0: Ball
1-0: Ball
2-0: Foul Ball, location: 2F
2-1: Called Strike
2-2: Strikes out looking
Batting: RHB Mario Barker 0-0: Swinging Strike
0-1: Ball
1-1: Bunt for hit - play at first, batter OUT! 2-3
Batting: LHB Marv Alexander 0-0: SINGLE (Groundball, 34D) (infield hit)
Batting: RHB Juan Estrada 0-0: Ball
1-0: Ball
2-0: Ground out 5-3 (Groundball, 5S)
Bottom of the 5th over - 0 run(s), 1 hit(s), 0 error(s), 1 left on base; North Carolina 3 - Georgia 1
TOP OF THE 6TH
North Carolina Tar Heels batting - Pitching for Georgia Bulldogs : LHP Peter Sullivan
Batting: RHB Fred Hubbard 0-0: Ball
1-0: Called Strike
1-1: Ground out 6-3 (Groundball, 6)
Batting: SHB Rod Good 0-0: Swinging Strike
0-1: Foul Ball, location: 2F
0-2: Fly out, F8 (Flyball, 8LM)
Batting: RHB Phil Johnson 0-0: Foul Ball, location: 2F
0-1: Ball
1-1: Ball
2-1: Foul Ball, location: 2F
2-2: Ball
3-2: Strikes out swinging
Top of the 6th over - 0 run(s), 0 hit(s), 0 error(s), 0 left on base; North Carolina 3 - Georgia 1
BOTTOM OF THE 6TH
Georgia Bulldogs batting - Pitching for North Carolina Tar Heels : LHP Scott Henson
Batting: RHB Francisco Rodríguez 0-0: Foul Ball, location: 2F
0-1: Foul Ball, location: 2F
0-2: Strikes out looking
Batting: RHB John Dyer 0-0: Ball
1-0: Ball
2-0: Ball
3-0: Base on Balls
Batting: RHB Tom Stoltz 0-0: Ball
Wild Pitch!
John Dyer to second
1-0: Ball
2-0: Ball
3-0: Base on Balls
Batting: LHB Sandro Márquez 0-0: Grounds out, U3 (Groundball, 3L)
John Dyer to third
Batting: RHB Vaughan Price 0-0: Ground out 6-3 (Groundball, 6)
Bottom of the 6th over - 0 run(s), 0 hit(s), 0 error(s), 2 left on base; North Carolina 3 - Georgia 1
TOP OF THE 7TH
North Carolina Tar Heels batting - Pitching for Georgia Bulldogs : LHP Peter Sullivan
Pitching: RHP Don Kennedy
Batting: RHB Jeff Townsley 0-0: Ball
1-0: Ball
2-0: Ball
3-0: Base on Balls
Batting: RHB Neal Foster 0-0: Bunted foul
0-1: Ball
1-1: Bunted foul
1-2: Foul Ball, location: 2F
1-2: Ball
2-2: Ball
3-2: DOUBLE (Line Drive, 9LM)
Jeff Townsley to third
Batting: LHB José Morales 0-0: Intentional Walk
Batting: LHB Michael Edwards 0-0: Ball
1-0: Fly out, F8 (Flyball, 8LM)
Runner from 3rd tags up, SCORES, no throw
Batting: RHB Preston Wooten 0-0: Ball
1-0: Fielders Choice at 2nd, 5-4 (Groundball, 5)
Neal Foster to third
Batting: RHB Stan Crosby 0-0: Ball
1-0: Foul Ball, location: 2F
1-1: Swinging Strike
1-2: Strikes out swinging
Top of the 7th over - 1 run(s), 1 hit(s), 0 error(s), 2 left on base; North Carolina 4 - Georgia 1
BOTTOM OF THE 7TH
Georgia Bulldogs batting - Pitching for North Carolina Tar Heels : LHP Scott Henson
Batting: RHB Bryce Dougherty 0-0: Foul Ball, location: 2F
0-1: DOUBLE (Line Drive, 5D)
Batting: RHB Mario Barker 0-0: Fly out, F8 (Flyball, 8LM)
Batting: LHB Marv Alexander 0-0: Fly out, F8 (Flyball, 8LM)
Batting: RHB Juan Estrada 0-0: Fly out, F4 (Popup, 3)
Bottom of the 7th over - 0 run(s), 1 hit(s), 0 error(s), 1 left on base; North Carolina 4 - Georgia 1
TOP OF THE 8TH
North Carolina Tar Heels batting - Pitching for Georgia Bulldogs : RHP Don Kennedy
Batting: RHB Fred Hubbard 0-0: Swinging Strike
0-1: Ground out 6-3 (Groundball, 6M)
Batting: SHB Rod Good 0-0: Ball
1-0: Called Strike
1-1: Ground out U3 (Groundball, 3)
Batting: RHB Phil Johnson 0-0: Swinging Strike
0-1: Ball
1-1: Ball
2-1: Foul Ball, location: 2F
2-2: Foul Ball, location: 2F
2-2: Ball
3-2: Strikes out swinging
Top of the 8th over - 0 run(s), 0 hit(s), 0 error(s), 0 left on base; North Carolina 4 - Georgia 1
BOTTOM OF THE 8TH
Georgia Bulldogs batting - Pitching for North Carolina Tar Heels : LHP Scott Henson
Batting: RHB Francisco Rodríguez 0-0: DOUBLE (Flyball, 7LM)
Pitching: RHP Tony Rodréques
Batting: RHB John Dyer 0-0: Ball
1-0: Foul Ball, location: 2F
1-1: Ball
2-1: DOUBLE (Line Drive, 5D)
Francisco Rodríguez scores
Batting: RHB Tom Stoltz 0-0: Foul Ball, location: 2F
0-1: Ball
1-1: Swinging Strike
1-2: Ground out 4-3 (Groundball, 4)
John Dyer to third
Pitching: LHP Dave Rose
Batting: LHB Sandro Márquez 0-0: Fly out, F7 (Flyball, 78M)
Runner from 3rd tags up, SCORES, throw made
Batting: RHB Vaughan Price 0-0: Ball
1-0: Called Strike
1-1: Fly out, F3 (Popup, 3)
Bottom of the 8th over - 2 run(s), 2 hit(s), 0 error(s), 0 left on base; North Carolina 4 - Georgia 3
TOP OF THE 9TH
North Carolina Tar Heels batting - Pitching for Georgia Bulldogs : RHP Don Kennedy
Pitching: RHP Jon Glass
Batting: RHB Jeff Townsley 0-0: Foul Ball, location: 2F
0-1: SINGLE (Flyball, 78M)
Pinch Hitting: LHB Will Robinson 0-0: Swinging Strike
0-1: Ball
1-1: Ball
2-1: Foul Ball, location: 2F
2-2: Foul Ball, location: 2F
2-2: Ball
3-2: Strikes out swinging
Jeff Townsley is caught stealing 2nd base
Batter strikes out.
Batting: LHB José Morales 0-0: Ball
1-0: Ball
2-0: Ball
3-0: Swinging Strike
3-1: Base on Balls
Batting: LHB Michael Edwards 0-0: Ground out 4-3 (Groundball, 34)
Top of the 9th over - 0 run(s), 1 hit(s), 0 error(s), 1 left on base; North Carolina 4 - Georgia 3
BOTTOM OF THE 9TH
Georgia Bulldogs batting - Pitching for North Carolina Tar Heels : LHP Dave Rose
Pitching: RHP Dale Stone
Now at 3B: Mario Costello
Now in LF: Scott Wise
Batting: RHB Bryce Dougherty 0-0: Called Strike
0-1: Foul Ball, location: 2F
0-2: Ball
1-2: Strikes out looking
Batting: RHB Mario Barker 0-0: Swinging Strike
0-1: Ball
1-1: Swinging Strike
1-2: Fly out, F4 (Popup, 34)
Pinch Hitting: RHB Glenn Carter 0-0: Ball
1-0: Foul Ball, location: 2F
1-1: Foul Ball, location: 2F
1-2: Strikes out looking
Bottom of the 9th over - 0 run(s), 0 hit(s), 0 error(s), 0 left on base; North Carolina 4 - Georgia 3
This league is powered by Out of the Park Baseball, the baseball management simulation game for PC, Mac and Linux
Tuesday, August 2nd, 2016 - OOTP Baseball 16.8 Build 38